 Dungeon Crawl Stone Soup version 0.30-b1-2-g02819fbbbe (webtiles) character file.

Game seed: 17243034766916163705

21600 Alarkh the Black Belt (level 12, -8/97 HPs)
             Began as a Demonspawn Delver on May 22, 2023.
             Was a Believer of Makhleb.
             Killed from afar by Fannar (21 damage)
             ... with a bolt of cold
             ... on level 2 of the Lair of Beasts.
             The game lasted 00:24:08 (14759 turns).

Alarkh the Black Belt (Demonspawn Delver)          Turns: 14759, Time: 00:24:08

Health: -8/97      AC: 17    Str: 13    XL:     12   Next: 55%
Magic:  27/27      EV: 11    Int: 17    God:    Makhleb [**....]
Gold:   1238       SH:  5    Dex: 14    Spells: 11/11 levels left

rFire   + .          .
                       - Unarmed
rCold   . . .        U - +0 buckler {AC+3}
rNeg    . . .        O - +1 ring mail {rF+}
rPois   .            (no helmet)
rElec   .            G - +0 cloak
rCorr   .            (gloves unavailable)
SInv    .            z - +0 pair of boots
Will    .....        C
                       - Hermit's Pendant {Faith Invo=14 Evo=0 MP+5}
Stlth   ++           q - +4 ring of protection
HPRegen 0.36/turn    (no ring)
MPRegen 0.40/turn

%: faith
@: no status effects
A: claws 3, spiny 2, magic regeneration, sharp scales 1
a: Renounce Religion, Minor Destruction


You were on level 2 of the Lair of Beasts.
You worshipped Makhleb.
Makhleb was pleased with you.
You visited 3 branches of the dungeon, and saw 13 of its levels.
You also visited: Ossuary.

You collected 1323 gold pieces.
You spent 85 gold pieces at shops.

Inventory:

Hand Weapons
 b - a +0 sling
 R - the +9 quarterstaff of the Rattlesnake {heavy, Str+3}
   (You found it on level 8 of the Dungeon)

   Str:       It affects your strength (+3).
 T - a +1 demon whip of freezing
Missiles
 I - 2 throwing nets (quivered)
Armour
 m - a +0 pair of gloves
 z - a +0 pair of boots (worn)
 G - a +0 cloak (worn)
 O - a +1 ring mail of fire resistance (worn)
 U - a +0 buckler of protection (worn)
 Y - the +2 ring mail of the Hills {Dex+5}
   (You found it on level 10 of the Dungeon)

   Dex:       It affects your dexterity (+5).
Magical Staves
 s - a staff of fire
 E - a staff of conjuration
Jewellery
 a - an amulet of guardian spirit
 h - an amulet of faith
 j - a ring of magical power
 q - a +4 ring of protection (left claw)
 w - a ring of fire
 y - a ring of flight
 C - the Hermit's Pendant (around neck) {Faith Invo=14 Evo=0 MP+5}
   (You found it on level 4 of the Dungeon)

   [amulet of faith]

   Invo=14: It sets your Invocations skill to 14.
   Evo=0: It sets your Evocations skill to 0.
   It allows you to gain divine favour quickly.
   MP:        It affects your magic capacity (+5).
 Q - a +6 ring of dexterity
Wands
 f - a wand of digging (12)
 l - a wand of light (5)
 A - a wand of flame (13)
 F - a wand of iceblast (9)
 S - a wand of polymorph (12)
Scrolls
 c - 3 scrolls of magic mapping
 d - a scroll of summoning
 i - 2 scrolls of enchant armour
 n - a scroll of fog
 o - 10 scrolls of amnesia
 p - 4 scrolls of vulnerability
 r - 2 scrolls of identify
 t - 11 scrolls of teleportation
 u - 3 scrolls of fear
 x - 4 scrolls of immolation
 D - 2 scrolls of poison
 K - 2 scrolls of blinking
Potions
 e - 5 potions of haste
 g - 5 potions of brilliance
 k - 2 potions of mutation
 v - 2 potions of degeneration
 B - a potion of curing
 H - 3 potions of magic
 J - 3 potions of flight
 L - a potion of might
 M - 2 potions of attraction
 W - 5 potions of cancellation
 Z - a potion of ambrosia {unknown}
Miscellaneous
 V - a phantom mirror
 X - a box of beasts


   Skills:
 + Level 9.8 Fighting
 - Level 4.0 Armour
 - Level 4.0 Dodging
 - Level 4.5 Stealth
 - Level 4.0 Shields
 * Level 15.9 Unarmed Combat


You had 11 spell levels left.
You didn't know any spells.
Your spell library contained the following spells:

 Spells                   Type           Power      Damage    Failure   Level
 Slow                     Hex            0%         N/A       54%         1
 Ensorcelled Hibernation  Hex/Ice        0%         N/A       69%         2
 Sublimation of Blood     Necr           0%         N/A       69%         2
 Wereblood                Tmut           0%         N/A       69%         2
 Call Canine Familiar     Summ           0%         N/A       89%         3
 Confusing Touch          Hex            0%         N/A       89%         3
 Portal Projectile        Hex/Tloc       0%         N/A       89%         3
 Spider Form              Tmut/Pois      0%         N/A       89%         3
 Vampiric Draining        Necr           0%         2d6       89%         3
 Vhi's Electric Charge    Tloc/Air       0%         N/A       89%         3
 Anguish                  Hex/Necr       0%         N/A       100%        4
 Leda's Liquefaction      Hex/Erth       0%         N/A       100%        4
 Arcjolt                  Conj/Air       0%         1d10      100%        5
 Summon Hydra             Summ           0%         N/A       100%        7
 Maxwell's Capacitive Co  Air            0%         ∞         100%        8


Dungeon Overview and Level Annotations

Branches:
Dungeon (10/15)            Temple (1/1) D:6            Lair (2/5) D:10
    Orc (0/2) D:9         Ossuary (visited)
  Swamp: Lair:2-3    Shoals: Lair:2-3     Snake: Lair:2-3    Spider: Lair:2-3

Altars:
Ashenzari
Cheibriados
Dithmenos
Fedhas
Gozag
Hepliaklqana
Kikubaaqudgha
Makhleb
Nemelex Xobeh
Okawaru
Qazlal
Ru
Sif Muna
Trog
Uskayaw
Vehumet
Wu Jian
Xom
Yredelemnul

Shops:
D:3 [

Annotations:
Lair:2 Fannar


Innate Abilities, Weirdness & Mutations

You have claws for hands.
You are mostly covered in sharp spines.
You regenerate magic rapidly.
You are partially covered in razor-sharp scales. (AC +1, Slay +1)


Message History

You mangle Fannar!!
Fannar is moderately wounded.
You feel sick. The ice beast hits you. The ice beast freezes you!
Fannar barely misses you.
You miss Fannar.
Fannar is moderately wounded.
You feel sick. The ice beast is struck by your spines.
The ice beast misses you. Fannar misses you.
You claw Fannar!
Fannar is moderately wounded.
You feel sick.
You miss Fannar.
Fannar is moderately wounded.
You block the ice beast's attack.
Fannar points at you and mumbles some strange words.
The bolt of cold hits you!!
* * * LOW HITPOINT WARNING * * *
You miss Fannar.
Fannar is moderately wounded.
You feel sick. The ice beast barely misses you.
Fannar hits you but does no damage.
Unknown command.
You mangle Fannar!!
Fannar is severely wounded.
You feel sick. The ice beast is struck by your spines.
The ice beast barely misses you. Fannar barely misses you.
You scratch Fannar.
Fannar is severely wounded.
You feel sick.
You are no longer poisoned.
The ice beast barely misses you.
You scratch Fannar.
Fannar is severely wounded.
You block Fannar's attack.
You barely miss Fannar.
Fannar is severely wounded.
The ice beast barely misses you. Fannar gestures at you while chanting.
The bolt of cold hits you!!
You die...

##........
###......... .
#........... .
#.#......... .
##..†..##... .
##.....# . ##......#
. #......## .
#...@..## .
#...Ye..# # .
###....###.... .
##......####... .
#.......#.#...... .
##............... .
#<(.............. .
####................
. #.................


You could see Fannar and an ice beast (summoned).

Vanquished Creatures
  5 two-headed ogres
  A boulder beetle (D:10)
  A death yak (D:8)
  The ghost of NimIero the Grappler, a journeyman VSBe of Trog (D:10)
  Sonja (Lair:2)
  Amaemon (D:7)
  A cyclops (D:9)
  An orange demon (D:8)
  A black mamba (Lair:1)
  Maurice (D:8)
  10 cane toads
  A rime drake (Lair:2)
  3 unseen horror zombies (D:9)
  3 komodo dragons (Lair:1)
  2 trolls (D:9)
  Prince Ribbit (D:8)
  2 hornets
  A blink frog (Lair:1)
  17 yaks
  Sigmund (D:5)
  A wraith (D:10)
  2 shadows
  A wyvern (D:10)
  2 steam dragons
  Menkaure (D:6)
  A swamp worm (Lair:2)
  5 water moccasins
  A black bear (D:10)
  3 orc warriors
  5 ice beasts
  A centaur (D:8)
  2 ogres
  A phantom (D:4)
  6 kobold brigands
  10 bullfrogs
  A wyvern zombie (D:9)
  2 gnoll sergeants
  4 scorpions
  4 wights (D:9)
  7 killer bees (D:9)
  An electric eel (D:8)
  2 howler monkeys (D:8)
  2 lava snakes (D:10)
  A centaur zombie (D:9)
  6 hounds
  6 orc priests
  2 jellies (D:6)
  An iguana (D:4)
  3 sleepcaps
  10 orc wizards
  Terence (D:3)
  A killer bee zombie (D:9)
  12 mummies (Ossuary)
  2 howler monkey zombies (D:9)
  12 gnolls
  4 adders
  A river rat (Lair:1)
  2 shadow imps
  2 white imps
  A howler monkey simulacrum (D:8)
  2 ufetubi (D:4)
  2 worms
  2 dart slugs
  34 orcs
  3 ball pythons
  8 endoplasms
  3 giant cockroaches
  9 goblins
  6 hobgoblins
  32 kobolds
  A quokka (D:1)
  6 bats
  3 frilled lizards
  2 gnoll skeletons (Ossuary)
  A goblin skeleton (Ossuary)
  5 orc skeletons (Ossuary)
  4 rats
  11 rat skeletons (Ossuary)
321 creatures vanquished.

Vanquished Creatures (others)
  A white imp (D:8)
  25 fungi
  25 plants
51 creatures vanquished.

Grand Total: 372 creatures vanquished

Notes
Turn   | Place    | Note
-------+----------+-------------------------------------------
     0 | D:5      | Alarkh the Demonspawn Delver began the quest for the Orb.
     0 | D:5      | Reached XP level 1. HP: 18/18 MP: 1/1
    60 | D:5      | Reached skill level 2 in Unarmed Combat
   203 | D:5      | Noticed a hound
   334 | D:5      | Noticed an ice beast
   443 | D:5      | Noticed Sigmund
   506 | D:5      | Noticed an orc priest
   624 | D:4      | Gained mutation: You are partially covered in sharp spines.
                  | [demonic ancestry]
   624 | D:4      | Reached XP level 2. HP: 20/24 MP: 2/2
   698 | D:4      | Noticed a scorpion
   815 | D:2      | Reached skill level 3 in Unarmed Combat
   826 | D:2      | Gained mutation: You have sharp fingernails. [demonic
                  | ancestry]
   826 | D:2      | Reached XP level 3. HP: 29/29 MP: 3/3
  2673 | D:3      | Reached skill level 4 in Unarmed Combat
  2673 | D:3      | Gained mutation: You are partially covered in razor-sharp
                  | scales. (AC +1, Slay +1) [demonic ancestry]
  2673 | D:3      | Reached XP level 4. HP: 35/35 MP: 4/4
  2772 | D:3      | Found Udioxtih's Antique Armour Shop.
  2780 | D:3      | Bought a pair of boots for 85 gold pieces
  2877 | D:3      | Noticed Terence
  2909 | D:3      | Gained mutation: You have very sharp fingernails. [demonic
                  | ancestry]
  2909 | D:3      | Reached XP level 5. HP: 38/41 MP: 5/5
  3227 | D:4      | Reached skill level 5 in Unarmed Combat
  3305 | D:4      | Reached XP level 6. HP: 39/47 MP: 6/6
  3453 | D:4      | Found the Hermit's Pendant {Faith Invo=14 Evo=0 MP+5}
  3516 | D:4      | Reached skill level 6 in Unarmed Combat
  4116 | D:5      | Killed an ice beast
  4117 | D:5      | Reached skill level 7 in Unarmed Combat
  4117 | D:5      | Reached XP level 7. HP: 44/52 MP: 5/7
  4295 | D:5      | Killed Sigmund
  4299 | D:5      | Reached skill level 8 in Unarmed Combat
  4941 | D:6      | Reached XP level 8. HP: 58/58 MP: 8/8
  4951 | D:6      | Reached skill level 9 in Unarmed Combat
  5476 | D:6      | Found a sparkling altar of Nemelex Xobeh.
  5550 | D:6      | Found a staircase to the Ecumenical Temple.
  5597 | Temple   | Entered the Ecumenical Temple
  5842 | Temple   | Became a worshipper of Uskayaw the Reveller
  5895 | D:6      | Reached * piety under Uskayaw
  5909 | D:6      | Noticed Menkaure
  5911 | D:6      | Reached ** piety under Uskayaw
  5912 | D:6      | Killed Menkaure
  5913 | D:6      | Reached skill level 10 in Unarmed Combat
  5913 | D:6      | Found a stormy altar of Qazlal.
  5915 | D:6      | Reached *** piety under Uskayaw
  5923 | D:6      | Found a hazy altar of Hepliaklqana.
  6112 | D:6      | Found a bloodstained altar of Trog.
  6267 | D:7      | Reached **** piety under Uskayaw
  6272 | D:7      | Reached ***** piety under Uskayaw
  6278 | D:7      | Reached skill level 11 in Unarmed Combat
  6278 | D:7      | Gained mutation: You are mostly covered in sharp spines.
                  | [demonic ancestry]
  6278 | D:7      | Reached XP level 9. HP: 46/63 MP: 9/9
  6451 | D:7      | Found a sand-covered staircase.
  6457 | Ossuary  | Entered an ossuary
  6846 | D:7      | Gained mutation: Armour fits poorly on your strangely
                  | shaped body. [potion of mutation]
  6846 | D:7      | Gained mutation: You have large cloven feet. [potion of
                  | mutation]
  6895 | D:7      | Lost mutation: You have large cloven feet. [potion of
                  | mutation]
  6895 | D:7      | Lost mutation: Armour fits poorly on your strangely shaped
                  | body. [potion of mutation]
  6895 | D:7      | Gained mutation: Your system is resistant to poisons.
                  | (rPois) [potion of mutation]
  6895 | D:7      | Gained mutation: You are weak. (Str -2) [potion of
                  | mutation]
  6895 | D:7      | Lost mutation: Your system is resistant to poisons. (rPois)
                  | [potion of mutation]
  6895 | D:7      | Lost mutation: You are weak. (Str -2) [potion of mutation]
  7008 | D:7      | Found a shimmering blue altar of Sif Muna.
  7267 | D:7      | Reached skill level 1 in Armour
  7383 | D:7      | Reached ****** piety under Uskayaw
  7972 | D:7      | Found a shimmering altar of Xom.
  8090 | D:3      | Killed Terence
  8273 | D:8      | Noticed a death yak
  8484 | D:8      | Identified the +9 quarterstaff of the Rattlesnake {heavy,
                  | Str+3}
  8530 | D:8      | Noticed Maurice
  8566 | D:8      | Killed Maurice
  8675 | D:8      | Noticed Amaemon
  8680 | D:8      | Noticed an orange demon
  8713 | D:7      | Killed Amaemon
  8714 | D:7      | Reached skill level 12 in Unarmed Combat
  8714 | D:7      | Gained mutation: You have claws for hands. [demonic
                  | ancestry]
  8714 | D:7      | Reached XP level 10. HP: 33/73 MP: 20/20
  8846 | D:8      | Killed an orange demon
  8984 | D:8      | Noticed Prince Ribbit
  8991 | D:8      | Killed Prince Ribbit
  8992 | D:8      | Reached skill level 5 in Fighting
  9621 | D:8      | Killed a death yak
  9934 | D:9      | Noticed a cyclops
  9950 | D:9      | Killed a cyclops
 10136 | D:9      | Noticed a two-headed ogre
 10141 | D:9      | Reached skill level 13 in Unarmed Combat
 10150 | D:9      | Reached skill level 1 in Shields
 10159 | D:9      | Killed a two-headed ogre
 10172 | D:9      | Gained mutation: You regenerate magic rapidly. [demonic
                  | ancestry]
 10172 | D:9      | Reached XP level 11. HP: 49/83 MP: 21/21
 10512 | D:9      | Noticed a two-headed ogre
 10516 | D:9      | Killed a two-headed ogre
 10707 | Temple   | Fell from the grace of Uskayaw
 10707 | Temple   | Became a worshipper of Makhleb the Destroyer
 10812 | D:9      | Found a staircase to the Orcish Mines.
 11281 | D:10     | Entered Level 10 of the Dungeon
 11281 | D:10     | Noticed a boulder beetle
 11285 | D:10     | Noticed a two-headed ogre
 11304 | D:9      | Killed a two-headed ogre
 11616 | D:10     | Killed a boulder beetle
 11617 | D:10     | Reached skill level 14 in Unarmed Combat
 11725 | D:10     | Noticed a two-headed ogre
 11736 | D:10     | Killed a two-headed ogre
 11736 | D:10     | Reached * piety under Makhleb
 11747 | D:10     | Noticed a two-headed ogre
 11758 | D:10     | Killed a two-headed ogre
 11991 | D:10     | Found an ancient bone altar of Kikubaaqudgha.
 12010 | D:10     | Found a runed translucent door.
 12011 | D:10     | Noticed NimIero's ghost (journeyman VSBe)
 12470 | D:10     | Found a staircase to the Lair.
 12862 | D:10     | Killed NimIero's ghost
 12863 | D:10     | Reached XP level 12. HP: 68/94 MP: 22/22
 12868 | D:10     | Identified the +2 ring mail of the Hills {Dex+5}
 12893 | D:10     | Identified a scroll of acquirement
 12893 | D:10     | Acquired 600 gold pieces
 13017 | Lair:1   | Entered Level 1 of the Lair of Beasts
 13029 | Lair:2   | Noticed Fannar
 13040 | Lair:1   | Reached skill level 15 in Unarmed Combat
 13078 | Lair:1   | Reached ** piety under Makhleb
 13141 | Lair:1   | Paralysed by the fury of Uskayaw for 5 turns
 13217 | Lair:1   | Paralysed by the fury of Uskayaw for 5 turns
 13316 | Lair:1   | Paralysed by the fury of Uskayaw for 5 turns
 13569 | Lair:1   | Identified the +3 ring mail of the Armoured One {Rampage
                  | Int+2}
 14073 | Lair:2   | Noticed Sonja
 14349 | Lair:2   | Killed Sonja
 14553 | Lair:1   | Paralysed by the fury of Uskayaw for 3 turns
 14721 | Lair:2   | Was forgiven by Uskayaw
 14759 | Lair:2   | Killed from afar by Fannar

Illustrated notes

Levels and vault maps discovered:
D:1:      minmay_arrival_diagonal_passages, layout_loops_cross,
          serial_co_window_serial, co_window_paths_a, co_window_cross_1,
          co_window_corner_a, co_window_corner_a, co_window_corner_a,
          co_window_paths_c, co_window_of_opportunity_b, co_window_2corner,
          co_window_corner_b, co_window_corner_cb, co_window_broadway_a,
          co_window_2corner, glass_columns_a, glass_columns_c, glass_columns_a,
          glass_columns_c, glass_columns_a
D:2:      layout_loops_ring
D:3:      layout_basic, mainiacjoe_overflow_catwalk, serial_shops,
          nicolae_shop_just_a_little_nook, uniq_terence
D:4:      layout_loops_corners
D:5:      layout_layer_cave, uniq_sigmund
D:6:      layout_gridville, general_overflow_altar,
          lemuel_coloured_pillars_altar, nicolae_overflow_squiral,
          minmay_temple_entry_gardened_gates, chequers_serial_rivers_small_b,
          uniq_menkaure
D:7:      layout_layer_cave, kennysheep_mini, mainiacjoe_overflow_tiny_flanked,
          elyvilon_altar_4, nicolae_ossuary_entry_plus, solitary_fountain,
          minmay_fractal_squares_diagonal_5
D:8:      layout_basic, serial_ice, serial_ice_h, serial_ice_l, serial_ice_o,
          serial_ice_n, uniq_maurice, uniq_prince_ribbit1, uniq_amaemon
D:9:      minmay_opposing_rooms, layout_small_grid,
          minmay_orc_entry_temple_small, serial_undead, serial_undead_c,
          serial_undead_a, serial_undead_d, serial_undead_c,
          hangedman_minor_gate_pass
D:10:     layout_big_octagon, mainiacjoe_overflow_concentric_impassable,
          grunt_lair_entry_orc_guard_hut, serial_rivers,
          chequers_serial_rivers_micro_c, chequers_serial_rivers_small_b,
          chequers_serial_rivers_large_a, chequers_serial_rivers_micro_b,
          chequers_serial_rivers_micro_c, ebering_ghost_reflecting_pool
Temple:   hellmonk_temple_forest_ring
Lair:1:   layout_small_grid, pond
Lair:2:   layout_hall_layers, palyth_hydra_swamp_entry,
          spider_nest_entry_web_field, beast_lair_carwin_10, uniq_sonja,
          uniq_fannar

Skill      XL: |  1  2  3  4  5  6  7  8  9 10 11 12 |
---------------+-------------------------------------+-----
Unarmed Combat | 2 3 4 5 7 8 11 12 13 14 15 | 15.9
Dodging        | 3 4 |  4.0
Armour         | 3 4 |  4.0
Fighting       | 4 6 8 9 |  9.8
Shields        | 1 4 |  4.0
Stealth        | |  4.5

Action                     |  1- 3 |  4- 6 |  7- 9 | 10-12 || total
---------------------------+-------+-------+-------+-------++-------
  Melee: Unarmed           |    65 |   107 |   260 |   433 ||   865
         Rapier            |    19 |       |       |       ||    19
         Punch             |       |     2 |    14 |     2 ||    18
  Throw: Throwing net      |       |       |       |     1 ||     1
  Evoke: Wand              |       |       |     3 |     2 ||     5
    Use: Scroll            |     2 |     3 |     6 |     9 ||    20
         Potion            |     2 |     1 |     6 |     7 ||    16
   Stab: Sleeping          |     9 |       |     9 |     2 ||    20
         Distracted        |       |       |     1 |     1 ||     2
         Paralysed         |       |       |     8 |    16 ||    24
         Invisible         |       |       |       |     1 ||     1
         Held in net/web   |       |       |       |     2 ||     2
 Armour: Ring mail         |    20 |    39 |   113 |   136 ||   308
         Leather armour    |     2 |       |       |       ||     2
  Dodge: Dodged            |    38 |    51 |   118 |   170 ||   377
  Block: Buckler           |       |       |       |    63 ||    63
